 Dungeon Crawl Stone Soup version 0.28.0-53-g5a82cb258f (webtiles) character file.

Game seed: 12096226968905223478

299 safid the Digger (level 6, -7/37 HPs)
             Began as a Gargoyle Earth Elementalist on Sept 8, 2022.
             Mangled by a gnoll
             ... wielding a +0 halberd
              (10 damage)
             ... on level 4 of the Dungeon.
             The game lasted 00:06:19 (3681 turns).

safid the Digger (Gargoyle Earth Elementalist)      Turns: 3681, Time: 00:06:20

Health: -7/37      AC:  6    Str: 11    XL:     6   Next: 36%
Magic:  7/11       EV: 12    Int: 18    God:
Gold:   176        SH:  0    Dex: 10    Spells: 8/12 levels left

rFire   . . .      SeeInvis .   m - +0 mace (protect)
rCold   . . .      Faith    .   (no shield)
rNeg    + . .      Spirit   .   b - +0 robe
rPois   ∞          Reflect  .   (no helmet)
rElec   +          Harm     .   (no cloak)
rCorr   +          Rampage  .   (no gloves)
Will    .....                   (no boots)
Stlth   +.........              (no amulet)
HPRegen 0.12/turn               e - ring of resist corrosion
MPRegen 0.12/turn               (no ring)

@: confused
A: sickness immunity, AC +4, negative energy resistance 1, electricity
resistance, torment resistance 1, petrification resistance
a: no special abilities


You were on level 4 of the Dungeon.
You visited 1 branch of the dungeon, and saw 4 of its levels.

You collected 176 gold pieces.

Inventory:

Hand Weapons
 m - a +0 mace of protection (weapon)
Missiles
 c - 65 stones
Armour
 b - a +0 robe (worn)
Jewellery
 e - a ring of resist corrosion (left hand)
Scrolls
 a - a scroll of enchant weapon {unknown}
 f - 2 scrolls of fog {unknown}
 g - 2 scrolls of magic mapping {unknown}
 i - a scroll of noise {unknown}
 k - a scroll of teleportation {unknown}
 l - 4 scrolls of identify {unknown}
Potions
 h - a potion of heal wounds {unknown}
 j - 2 potions of curing {unknown}


   Skills:
 + Level 3.2 Fighting
 - Level 2.0 Dodging
 - Level 2.1 Stealth
 + Level 3.5 Spellcasting
 + Level 2.1 Conjurations
 - Level 0.7 Transmutations
 + Level 5.3 Earth Magic


You had 8 spell levels left.
You knew the following spells:

 Your Spells              Type           Power      Damage    Failure   Level
a - Sandblast             Erth           44%        2d11      1%          1
b - Stone Arrow           Conj/Erth      32%        3d9       10%         3

Your spell library contained the following spells:

 Spells                   Type           Power      Damage    Failure   Level
 Magic Dart               Conj           40%        1d5       6%          1
 Passwall                 Tmut/Erth      11%        N/A       7%          2
 Call Imp                 Summ           3%         N/A       24%         2
 Mephitic Cloud           Conj/Pois/Air  5%         N/A       34%         3
 Petrify                  Tmut/Erth      14%        N/A       41%         4


Dungeon Overview and Level Annotations

Branches:
Dungeon (4/15)
 Temple: D:4-7

Altars:
Sif Muna

Shops:
D:2 [

Portals:
Abyss: D:3

Annotations:
D:3 2 transporters, safid's ghost, amateur GrEE


Innate Abilities, Weirdness & Mutations

You are immune to sickness and miasma.
Your stone body is resilient. (AC +4)
You are immune to poison.
You resist negative energy. (rN+)
You are resistant to electric shocks. (rElec)
You are resistant to unholy torment.
You are immune to petrification.


Message History

The gnoll hits you but does no damage. Something hits you but does no damage.
You miss something. Something hits you. The gnoll closely misses you.
You closely miss something. Something hits you. The gnoll barely misses you.
The gnoll closely misses you. Something hits you.
You closely miss something. Something hits you. The gnoll barely misses you.
You closely miss something. The gnoll closely misses you.
You hear some strange, mumbled words.
A magic dart appears from out of thin air!
The magic dart hits you!
Casting: Sandblast (safe; 1% risk of failure)
Confirm with . or Enter, or press ? or * to list all spells.
Aiming: Sandblast (safe; 1% risk of failure)
Press: ? - help, Shift-Dir - straight line, f - gnoll
Aim: a gnoll, wielding a +0 spear (83% to hit)
The blast of sand hits something!
The gnoll completely misses you.
You hear some strange, mumbled words.
You are confused.
You're too confused to cast spells.
Unknown command.
You're too confused to cast spells.
Unknown command.
You're too confused to cast spells.
You hear the slow hiss of an avalanche of sand nearby.
You hear some strange, mumbled words.
You are more confused.
A magic dart appears from out of thin air!
The magic dart hits you. Something hits you but does no damage.
A magic dart appears from out of thin air!
The magic dart hits you!
* * * LOW HITPOINT WARNING * * *
You see here a +0 dagger.
Something hits you but does no damage. The gnoll hits you with a +0 spear.
* * * LOW HITPOINT WARNING * * *
You bump into the rock wall.
Something hits you.
* * * LOW HITPOINT WARNING * * *
The gnoll barely misses you.
You bump into the rock wall.
Something hits you but does no damage.
The gnoll hits you from afar with a +0 halberd!
You die...

#.####.#
#.####.########
#.............# ..
$# #.#####.......#
.# #.# #.##
#.......## g# ....
#..# #.[......#
.#(...$ ##.#
#........# .#...
#.# #..<)..g.# ...
#.#
#.†..@go.#####.#.#
#.#
########....))...#
#.#
#########.###)#.###
#.#
#...........#.#...
#.#
#.#######.#.#.#.###
#.###.# #.....#..
#.....# ###.###o.
####### #.....o#
#####oo#


You could see 2 gnolls and an orc.

Vanquished Creatures
  An ogre (D:3)
  A hound (D:4)
  8 gnolls
  3 adders
  An ufetubus (D:2)
  2 worms (D:3)
  3 dart slugs
  3 orcs (D:4)
  3 ball pythons (D:1)
  2 endoplasms (D:2)
  2 giant cockroaches (D:1)
  6 goblins
  7 hobgoblins
  A quokka (D:1)
  6 bats
  4 frilled lizards
  9 kobolds
  8 rats
70 creatures vanquished.

Notes
Turn   | Place    | Note
-------+----------+-------------------------------------------
     0 | D:1      | safid the Gargoyle Earth Elementalist began the quest for
                  | the Orb.
     0 | D:1      | Reached XP level 1. HP: 10/10 MP: 3/3
   336 | D:1      | Reached XP level 2. HP: 15/16 MP: 5/5
   796 | D:1      | Reached skill level 1 in Fighting
  1050 | D:1      | Reached skill level 4 in Earth Magic
  1292 | D:1      | Reached XP level 3. HP: 20/20 MP: 6/6
  1734 | D:2      | Found Defol's Armour Emporium.
  1954 | D:2      | Reached XP level 4. HP: 16/26 MP: 1/8
  2281 | D:2      | Learned a level 3 spell: Stone Arrow
  2640 | D:2      | Found a faded altar of an unknown god.
  2901 | D:3      | Noticed an ogre
  2909 | D:3      | Killed an ogre
  2910 | D:3      | Reached skill level 1 in Conjurations
  2910 | D:3      | Reached XP level 5. HP: 32/32 MP: 4/9
  2998 | D:3      | Found a shimmering blue altar of Sif Muna.
  3013 | D:3      | Reached skill level 5 in Earth Magic
  3222 | D:3      | Reached XP level 6. HP: 22/36 MP: 5/11
  3385 | D:3      | Found a transporter.
  3393 | D:3      | Found a one-way gate to the infinite horrors of the Abyss.
  3393 | D:3      | Noticed safid's ghost (amateur GrEE)
  3445 | D:3      | Found a transporter.
  3681 | D:4      | Mangled by a gnoll

Illustrated notes

Levels and vault maps discovered:
D:1:      lightli_arrival_statue_moat, layout_rooms, minmay_pentomino_r2
D:2:      layout_loops_cross, shapermc_ecumenical_altar_hornbeckon,
          serial_shops, nicolae_shop_waterfront
D:3:      layout_rooms, overflow_temple_1_default,
          gammafunk_ghost_abyssal_escape, minmay_misc_feat_tower
D:4:      layout_loops_cross, enter_ossuary_5, uniq_sigmund

Skill      XL: |  1  2  3  4  5  6 |
---------------+-------------------+-----
Fighting       | 1 2 3 |  3.2
Earth Magic    | 4 5 |  5.3
Dodging        | 2 |  2.0
Spellcasting   | 3 |  3.5
Conjurations   | 1 2 |  2.1
Stealth        | |  2.1
Transmutations | |  0.7

Action                   |  1- 3 |  4- 6 || total
-------------------------+-------+-------++-------
Melee: Hand axe          |     8 |       ||     8
       Short sword       |    93 |    33 ||   126
       Punch             |     1 |     4 ||     5
       Mace              |       |    90 ||    90
 Cast: Sandblast         |    19 |    27 ||    46
 Stab: Sleeping          |     2 |     2 ||     4
Armor: Robe              |    47 |    78 ||   125
Dodge: Dodged            |    96 |   116 ||   212
